 Dungeon Crawl Stone Soup version 0.19.4-9-g45fd643 (webtiles) character file.

476 JeffiDaFish the Shield-Bearer (level 7, -4/43 HPs)
             Began as a Gargoyle Fighter on Feb 16, 2017.
             Killed by divine providence
             ... invoked by an orc priest
              (10 damage)
             ... on level 3 of the Dungeon.
             The game lasted 00:07:06 (2145 turns).

JeffiDaFish the Shield-Bearer (Gargoyle Fighter)    Turns: 2145, Time: 00:07:07

Health: -4/43      AC: 12    Str: 20    XL:     7   Next: 10%
Magic:  7/7        EV:  8    Int:  8    God:
Gold:   81         SH: 22    Dex: 11    Spells: 0 memorised, 6 levels left

rFire  . . .     SeeInvis .     a - +0 flail
rCold  . . .     Gourm    .     b - +0 scale mail
rNeg   + . .     Faith    .     c - +2 shield
rPois  ∞         Spirit   .     (no helmet)
rElec  +         Reflect  +     (no cloak)
rCorr  .         Harm     .     (no gloves)
MR     .....                    (no boots)
Stlth  ..........               l - +6 amulet of reflection
                                (no ring)
                                (no ring)

@: no status effects
A: large bone plates 1, negative energy resistance 1, electricity resistance,
unbreathing, petrification resistance, rot immunity, AC +4
a: no special abilities


You were on level 3 of the Dungeon.
You were near starving.

You visited 1 branch of the dungeon, and saw 3 of its levels.

You collected 81 gold pieces.

Inventory:

Hand Weapons
 a - a +0 flail (weapon)
Armour
 b - a +0 scale mail (worn)
 c - a +2 shield (worn)
Jewellery
 l - a +6 amulet of reflection (around neck)
Potions
 e - 2 potions of haste
Comestibles
 f - 2 bread rations
 k - a meat ration


   Skills:
 + Level 4.1 Fighting
 + Level 3.7 Maces & Flails
 + Level 4.7 Armour
 + Level 1.6 Dodging
 + Level 0.8 Stealth
 + Level 5.8 Shields


You had 6 spell levels left.
You didn't know any spells.

Dungeon Overview and Level Annotations

Branches:
Dungeon (3/15)

Altars:
Zin


Innate Abilities, Weirdness & Mutations

You are resistant to torment.
Your stone body is resilient. (AC +4)
You are immune to poison.
You resist negative energy. (rN+)
You are resistant to electric shocks. (rElec)
You can survive without breathing.
You are immune to petrification.
You are immune to rotting.
You are partially covered in large bone plates. (SH +4)


Message History

The orc priest calls down the wrath of Beogh upon you.
Beogh smites you!
* * * LOW HITPOINT WARNING * * *
You block the orc's attack. The orc hits you but does no damage.
You barely miss the orc priest.
The orc priest is almost dead.
You block the orc's attack.
The orc priest looks satisfied for a moment.
You block the orc's attack. The orc hits you but does no damage.
You block the orc's attack.
You barely miss the orc priest.
The orc priest is almost dead.
You block the orc priest's attack. You block the orc's attack. x2
The orc hits you but does no damage. The orc priest barely misses you.
You barely miss the orc priest.
The orc priest is almost dead.
You block the orc's attack. x2; The orc hits you but does no damage.
The orc priest mumbles some strange prayers to Beogh against you.
Beogh smites you!
You die...

.## >######## ..# ..........
..# ........>. #########.#
oo###........ #.........#
#...##....(...
#....!....###...##........
#...?........#o........[.....
#......%.....#..##........
########.....#..##........
#...).......###....
#......#)#### #....
#.....##.######....
#.............#....
##..................


You could see an orc priest and 3 orcs.

Vanquished Creatures
  Sigmund (D:3)
  A sky beast (D:3)
  A centaur (D:3)
  The ghost of JeffiDaFish the Stinger, an amateur GrVM (D:3)
  Ijyb (D:2)
  2 adders
  A dart slug (D:1)
  2 leopard geckos
  2 orcs (D:3)
  3 giant cockroaches
  5 goblins
  2 hobgoblins
  4 jackals (D:1)
  A quokka (D:2)
  2 ball pythons
  3 bats (D:1)
  2 frilled lizards
  5 kobolds
  6 rats
45 creatures vanquished.

Notes
Turn   | Place    | Note
-------+----------+-------------------------------------------
     0 | D:1      | JeffiDaFish the Gargoyle Fighter began the quest for the Orb.
     0 | D:1      | Reached XP level 1. HP: 14/14 MP: 1/1
    86 | D:1      | Reached XP level 2. HP: 15/19 MP: 2/2
   434 | D:1      | You fall through a shaft!
   451 | D:2      | Gained mutation: You are weak. (Str -2) [potion of mutation]
   451 | D:2      | Gained mutation: You are partially covered in large bone plates. (SH +4) [potion of mutation]
   451 | D:2      | Lost mutation: You are weak. (Str -2) [potion of mutation]
   502 | D:2      | Reached XP level 3. HP: 23/23 MP: 3/3
   593 | D:2      | Found a glowing silver altar of Zin.
   968 | D:2      | Noticed Ijyb
   978 | D:2      | Killed Ijyb
   978 | D:2      | Reached skill level 4 in Shields
  1179 | D:2      | Reached XP level 4. HP: 28/28 MP: 4/4
  1241 | D:2      | You fall through a shaft!
  1326 | D:3      | Noticed a sky beast
  1330 | D:3      | Noticed Sigmund
  1334 | D:3      | Noticed JeffiDaFish's ghost (amateur GrVM)
  1359 | D:3      | Killed a sky beast
  1359 | D:3      | Reached XP level 5. HP: 4/33 MP: 5/5
  1381 | D:3      | HP: 1/33 [something (5)]
  1400 | D:2      | HP: 1/33 [adder (2)]
  2015 | D:3      | Noticed a centaur
  2030 | D:3      | Killed a centaur
  2030 | D:3      | Reached skill level 5 in Shields
  2030 | D:3      | Reached XP level 6. HP: 31/38 MP: 6/6
  2054 | D:3      | Killed JeffiDaFish's ghost
  2114 | D:3      | Killed Sigmund
  2114 | D:3      | Reached skill level 1 in Dodging
  2114 | D:3      | Reached XP level 7. HP: 35/43 MP: 7/7
  2145 | D:3      | Killed from afar by an orc priest

Skill      XL: |  1  2  3  4  5  6 |
---------------+-------------------+-----
Shields        | 4 5 |  5.8
Maces & Flails | 3 |  3.7
Armour         | 4 |  4.7
Fighting       | 4 |  4.1
Dodging        | 1 |  1.6
Stealth        | |  0.8

Action                   |  1- 3 |  4- 6 |  7- 9 || total
-------------------------+-------+-------+-------++-------
Melee: Flail             |   100 |   133 |    18 ||   251
  Use: Potion            |     5 |     4 |       ||     9
       Scroll            |     3 |     2 |       ||     5
  Eat: Chunk             |     1 |     2 |       ||     3
Armor: Scale mail        |    44 |    40 |    11 ||    95
Dodge: Dodged            |    32 |    33 |     8 ||    73
Block: Shield            |    64 |   132 |    47 ||   243
       Reflection        |       |     1 |       ||     1
